 Dungeon Crawl Stone Soup version 0.27.1-3-gb3d3a73c9e (webtiles) character file.

Game seed: 2606720603139685227

175762 CuBeRJAN3 the Warrior (level 17, -1/140 HPs)
             Began as a White Draconian Conjurer on Oct 23, 2021.
             Was a High Priest of Vehumet.
             Slain by a ghost moth (11 damage)
             ... on level 4 of the Spider Nest on Oct 24, 2021.
             The game lasted 04:01:11 (70493 turns).

CuBeRJAN3 the Warrior (White Draconian Conjurer)   Turns: 70493, Time: 04:01:12

Health: -1/140     AC: 17    Str:  0 (8)  XL:     17   Next: 48%
Magic:  0/34       EV: 17    Int: 23 (24) God:    Vehumet [*****.]
Gold:   1232       SH:  0    Dex: 15 (17) Spells: 7/42 levels left

rFire    + . .     SeeInvis +   r - +7 trident "Veneludd" {vamp, Drain rElec rF+ rC+ Dex+6}
rCold    + + .     Faith    .   (no shield)
rNeg     . . .     Spirit   .   (armour unavailable)
rPois    +         Reflect  .   (helmet restricted)
rElec    +         Harm     .   c - +2 cloak
rCorr    .         Rampage  .   p - +2 pair of gloves
Will     +....                  J - +1 pair of boots
Stlth    +++.......             u - amulet of the acrobat
HPRegen  0.08/turn              s - ring of poison resistance
MPRegen  0.24/turn              w - ring of see invisible

@: hasted and slowed, lost strength
A: breathe frost, AC +9, unfitting armour, cold resistance 1, cold-blooded,
deterioration 1, frail 1, weak 1
a: Breathe Frost, Renounce Religion


You were on level 4 of the Spider Nest.
You worshipped Vehumet.
Vehumet was extremely pleased with you.
You visited 5 branches of the dungeon, and saw 28 of its levels.
You also visited: Ice Cave.

You collected 2614 gold pieces.
You spent 1382 gold pieces at shops.

Inventory:

Hand Weapons
 r - the +7 trident "Veneludd" (weapon) {vamp, Drain rElec rF+ rC+ Dex+6}
   (You found it on level 14 of the Dungeon)

   It occasionally heals its wielder for a portion of the damage dealt when it
   wounds a living foe.
   Dex:       It affects your dexterity (+6).
   rF:        It protects you from fire.
   rC:        It protects you from cold.
   rElec:     It insulates you from electricity.
   Drain:     It drains your maximum health when unequipped.
Missiles
 F - 5 throwing nets
Armour
 c - a +2 cloak (worn)
 p - a +2 pair of gloves (worn)
 J - a +1 pair of boots (worn)
 M - a scarf of invisibility
Jewellery
 k - a ring of willpower
 n - a +6 ring of intelligence
 s - a ring of poison resistance (left hand)
 u - an amulet of the acrobat (around neck)
 w - a ring of see invisible (right hand)
 S - a ring of magical power
 T - a ring of protection from fire
 X - a ring of protection from cold
Wands
 t - a wand of paralysis (11)
 y - a wand of polymorph (28)
 A - a wand of mindburst (21)
 C - a wand of flame (36)
 E - a wand of digging (13)
 L - a wand of iceblast (12)
Scrolls
 a - 11 scrolls of teleportation
 g - 4 scrolls of vulnerability
 h - 7 scrolls of noise
 i - 5 scrolls of amnesia
 j - 5 scrolls of enchant weapon
 l - 6 scrolls of fog
 m - 4 scrolls of holy word
 q - a scroll of blinking
 B - 2 scrolls of immolation
 G - 2 scrolls of fear
 H - 2 scrolls of summoning
 K - 2 scrolls of torment
 P - 3 scrolls of magic mapping
 Q - a scroll of silence {unknown}
 R - 2 scrolls of brand weapon {unknown}
 V - a scroll of identify
Potions
 b - 12 potions of curing
 d - 2 potions of resistance
 e - 2 potions of flight {unknown}
 f - 3 potions of might
 o - 2 potions of mutation
 v - 2 potions of lignification {unknown}
 x - a potion of cancellation {unknown}
 z - a potion of attraction {unknown}
 D - a potion of invisibility {unknown}
 I - a potion of ambrosia {unknown}
 O - a potion of brilliance {unknown}
Miscellaneous
 Y - a condenser vane


   Skills:
 * Level 15.1 Fighting
 + Level 4.8 Polearms
 + Level 9.8 Dodging
 - Level 6.4 Stealth
 * Level 13.1 Spellcasting
 * Level 14.0 Conjurations
 + Level 10.1 Hexes
 + Level 10.9 Translocations
 + Level 8.3 Evocations


You had 7 spell levels left.
You knew the following spells:

 Your Spells              Type           Power      Damage    Failure   Level
a - Magic Dart            Conj           100%       1d8       0%          1
b - Searing Ray           Conj           100%       3d7       0%          2
c - Fulminant Prism       Conj/Hex       31%        3d16      1%          4
d - Iskenderun's Mystic   Conj/Tloc      64%        2d13      1%          4
e - Passage of Golubria   Tloc           N/A        N/A       1%          4
f - Iskenderun's Battles  Conj           68%        2d12      1%          5
g - Ensorcelled Hibernat  Hex/Ice        76%        N/A       1%          2
h - Teleport Other        Tloc           60%        N/A       1%          3
i - Orb of Destruction    Conj           34%        9d12      3%          7
j - Gell's Gravitas       Tloc           30%        N/A       1%          3

Your spell library contained the following spells:

 Spells                   Type           Power      Damage    Failure   Level
 Starburst                Conj/Fire      23%        6d8       10%         6
 Apportation              Tloc           100%       N/A       1%          1
 Corona                   Hex            64%        N/A       1%          1
 Dazzling Flash           Conj/Hex       100%       N/A       1%          3
 Lesser Beckoning         Tloc           30%        N/A       1%          3
 Mephitic Cloud           Conj/Pois/Air  36%        N/A       1%          3
 Summon Guardian Golem    Hex/Summ       38%        N/A       1%          3
 Tukima's Dance           Hex            58%        N/A       1%          3
 Cause Fear               Hex            29%        N/A       1%          4
 Fireball                 Conj/Fire      23%        3d11      1%          5
 Irradiate                Conj/Tmut      23%        3d21      1%          5
 Animate Skeleton         Necr           30%        N/A       4%          1
 Pain                     Necr           60%        1d7       4%          1
 Summon Small Mammal      Summ           60%        N/A       4%          1
 Leda's Liquefaction      Hex/Erth       19%        N/A       4%          4
 Bolt of Magma            Conj/Fire/Erth 18%        4d10      4%          5
 Yara's Violent Unravell  Hex/Tmut       19%        3d9       4%          5
 Call Imp                 Summ           15%        N/A       6%          2
 Corpse Rot               Necr/Air       N/A        N/A       6%          2
 Sublimation of Blood     Necr           7%         N/A       6%          2
 Wereblood                Tmut           15%        N/A       6%          2
 Conjure Ball Lightning   Conj/Air       23%        3x3d6     10%         6
 Call Canine Familiar     Summ           15%        N/A       12%         3
 Spider Form              Tmut/Pois      7%         N/A       12%         3
 Vampiric Draining        Necr           7%         2d7       12%         3
 Summon Forest            Summ/Tloc      20%        N/A       12%         5
 Summon Mana Viper        Hex/Summ       38%        N/A       14%         5
 Dispel Undead            Necr           15%        3d10      38%         4
 Blade Hands              Tmut           7%         N/A       75%         5
 Death Channel            Necr           7%         N/A       99%         6
 Shadow Creatures         Summ           N/A        N/A       99%         6
 Statue Form              Tmut/Erth      10%        N/A       99%         6
 Dragon Form              Tmut           7%         N/A       100%        7
 Summon Hydra             Summ           7%         N/A       100%        7
 Discord                  Hex            29%        N/A       99%         8
 Animate Armour           Summ/Erth      Unusable   N/A       N/A         4

Dungeon Overview and Level Annotations

Branches:
Dungeon (15/15)            Temple (1/1) D:6            Lair (6/6) D:8
 Shoals (0/4) Lair:4       Spider (4/4) Lair:3          Orc (2/2) D:11
    Elf (0/3) Orc:2        Vaults (0/5) D:14         Depths (0/5) D:15
  IceCv (visited)
  Slime: Lair:5-6

Altars:
Ashenzari
Cheibriados
Dithmenos
Elyvilon
Fedhas
Gozag
Hepliaklqana
Kikubaaqudgha
Makhleb
Nemelex Xobeh
Okawaru
Qazlal
Ru
Sif Muna
Trog
Uskayaw
Vehumet
Wu Jian
Xom
Yredelemnul
Zin
The Shining One
Beogh

Shops:
D:4 *   D:10 *   Orc:2 **(=

Portals:
Pandemonium: Orc:2

Annotations:
D:1 1 exclusion
D:2 1 exclusion
D:4 1 exclusion
D:6 1 exclusion
D:9 3 runed translucent doors, exclusion: 3 doors
D:12 exclusions: reaper and 1 more exclusion
Lair:5 exclusion: 2 oklob plants
Lair:6 exclusions: door, oklob plant and wizard
Spider:1 2 exclusions
Spider:2 exclusion: 2 oklob plants
Spider:3 3 runed translucent doors, exclusions: 3 doors and 1 more exclusion, Nikola; Stajl's ghost, adept TrBe


Innate Abilities, Weirdness & Mutations

You can breathe waves of freezing cold which knock back foes.
Your icy white scales are hard. (AC +9)
You cannot fit into any form of body armour.
Your flesh is cold resistant. (rC+)
You are cold-blooded and may be slowed by cold attacks.
Your body sometimes deteriorates upon taking damage.
You are frail. (-10% HP)
You are weak. (Str -2)


Message History

Okay, then.
The ghost moth stares at you.
You feel your power leaking away.
The ghost moth completely misses you. x2
The ghost moth stings you but does no damage.
The ghost moth stares at you. The ghost moth misses you.
The ghost moth completely misses you. x2
The moth of wrath bites you!
* * * LOW HITPOINT WARNING * * *
The ghost moth stares at you.
You feel your power leaking away. The ghost moth stares at you.
The ghost moth barely misses you. The ghost moth hits you!
* * * LOW HITPOINT WARNING * * *
The ghost moth completely misses you. The ghost moth misses you.
The ghost moth hits you!
* * * LOW HITPOINT WARNING * * *
The ghost moth misses you.
The moth of wrath completely misses you.
The ghost moth stares at you.
You feel your power leaking away.
The ghost moth hits you but does no damage.
The ghost moth completely misses you.
The ghost moth stings you but does no damage.
The ghost moth stares at you. The ghost moth misses you.
The ghost moth completely misses you.
The ghost moth stings you but does no damage.
Okay, then.
You feel yourself speed up.
The moth of wrath bites you but does no damage.
The ghost moth hits you but does no damage.
The ghost moth hits you!
* * * LOW HITPOINT WARNING * * *
The ghost moth stings you.
* * * LOW HITPOINT WARNING * * *
The moth of wrath barely misses you. The ghost moth hits you.
* * * LOW HITPOINT WARNING * * *
You feel clumsy. The ghost moth hits you!
You die...

#..#^.### #######.....#
###...##.###.#.#.#.....#
#.##.^.^..#..#.....##..#
#..^...^.##..#......####
#...#..###...#####..###
#.###......####^.##...# #
###...#...######..##..# ##
##..#.#yy.^# #..#..## ###
.## #..####@..###^....####.^
.≈## ###...#
#.#..###.....#.#.. ...#
#.^.### ###..##..##..#...^
...## ##..^#
#..####.###....## #†.≈#
##..#### #.....###.#.^#..#
....# #...##.##
###.^###....##### ...≈#
#.#.....###^#....#....##.#
...##
####.^...^#.^...#####..^.##
..##
###...###..#^..#...####....#


You could see a ghost moth (invisible) and a moth of wrath.

Vanquished Creatures
  2 ghost moths
  An orc warlord (Orc:1)
  4 emperor scorpions
  An ironbound preserver (D:13)
  3 quicksilver oozes (IceCv)
  Azrael (Spider:2)
  4 entropy weavers
  A dire elephant (Lair:6)
  An ettin (Orc:1)
  Harold (Lair:2)
  7 boulder beetles
  15 hydras
  4 centaur warriors
  Erolcha (Orc:2)
  2 death knights
  7 two-headed ogres
  8 orc high priests
  A death yak (Lair:5)
  A deep elf knight (Orc:1)
  A fire crab (Lair:5)
  A torturous demonspawn (Orc:2)
  2 infernal demonspawn (Orc:2)
  A wizard (D:14)
  7 orc sorcerers
  A deep elf zephyrmancer (Orc:1)
  28 orb spiders
  A necromancer (D:15)
  7 cyclopes
  28 wolf spiders
  A wolf spider zombie (D:15)
  8 deep elf pyromancers
  7 orc knights
  12 ugly things
  3 moths of wrath
  2 manticores (D:14)
  3 centaur zombies
  3 black mambas
  2 naga magi (D:15)
  2 merfolk sirens (Lair:4)
  13 cane toads
  An orange demon (Orc:2)
  3 torpor snails
  6 rime drakes
  11 komodo dragons
  A kobold demonologist (D:7)
  A yaktaur (shapeshifter) (D:14)
  13 demonic crawlers
  An entropy weaver simulacrum (IceCv)
  2 unseen horrors
  3 freezing wraiths
  A very ugly thing simulacrum (IceCv)
  A tengu conjurer (D:13)
  A guardian mummy (D:12)
  2 polar bears
  2 red devils (Orc:2)
  8 trolls
  32 jumping spiders
  2 merfolk (Lair:4)
  12 hornets
  7 dream sheep (Lair:6)
  Grinder (D:3)
  41 slime creatures
  6 blink frogs
  Sigmund (D:6)
  A centaur simulacrum (D:14)
  A wyvern (Lair:1)
  79 redbacks
  43 yaks
  29 tarantellas
  A spriggan (shapeshifter) (D:14)
  2 shadows
  5 wraiths
  4 fire elementals (Spider:1)
  3 basilisks
  7 humans (D:9)
  A steam dragon (D:8)
  6 vampire mosquitoes
  Menkaure (D:7)
  6 wargs
  4 hell hounds
  A demonic crawler simulacrum (IceCv)
  17 water moccasins
  3 sky beasts
  A swamp drake (D:11)
  45 orc warriors
  2 ugly thing simulacra (IceCv)
  A black bear (D:7)
  7 ogres
  24 wolves
  13 centaurs
  4 kobold brigands
  12 bullfrogs
  A gnoll sergeant (D:8)
  2 scorpions
  A water moccasin zombie (D:5)
  A wyvern zombie (D:5)
  A wyvern skeleton (D:6)
  2 water moccasin skeletons
  5 wights (D:10)
  3 electric eels
  4 howler monkeys
  3 hounds
  A jelly (D:6)
  2 gnoll shamans
  27 orc priests
  4 iguanas
  20 orc wizards
  Ijyb (D:9)
  11 hell rats
  4 mummies (D:12)
  2 hound skeletons (D:5)
  A howler monkey zombie (D:9)
  12 gnolls
  5 adders
  2 shadow imps
  A white imp (D:7)
  An adder skeleton (D:4)
  3 worms
  2 dart slugs
  90 orcs
  4 endoplasms
  7 giant cockroaches
  12 goblins
  13 hobgoblins
  3 jackals
  18 kobolds
  3 quokkas
  5 ball pythons
  4 bats
  2 frilled lizards
  6 rats
  2 butterflies (D:6)
  2 fulminant prisms (D:12)
973 creatures vanquished.

Vanquished Creatures (others)
  An orb spider (Spider:3)
  An unseen horror (D:12)
  An entropy weaver simulacrum (IceCv)
  A very ugly thing simulacrum (IceCv)
  A jumping spider (Spider:1)
  2 demonic crawler simulacra (IceCv)
  An ugly thing simulacrum (IceCv)
  97 fulminant prisms
  33 fungi
  43 plants
181 creatures vanquished.

Grand Total: 1154 creatures vanquished

Notes
Turn   | Place    | Note
-------+----------+-------------------------------------------
     0 | D:1      | CuBeRJAN3 the Draconian Conjurer began the quest for the
                  | Orb.
     0 | D:1      | Reached XP level 1. HP: 14/14 MP: 3/3
   493 | D:1      | Reached XP level 2. HP: 22/22 MP: 3/5
   689 | D:1      | Reached skill level 1 in Fighting
   860 | D:2      | Learned a level 2 spell: Searing Ray
  1216 | D:2      | Reached XP level 3. HP: 28/28 MP: 1/6
  1963 | D:3      | Noticed Grinder
  1982 | D:3      | Paralysed by Grinder for 2 turns
  2467 | D:3      | Reached skill level 2 in Fighting
  2467 | D:3      | Reached XP level 4. HP: 36/36 MP: 0/7
  2904 | D:2      | Reached XP level 5. HP: 23/42 MP: 4/9
  3376 | D:3      | Reached skill level 1 in Hexes
  3526 | D:4      | Reached skill level 1 in Translocations
  3870 | D:4      | Found a hide-covered altar of Uskayaw.
  4038 | D:4      | Identified the +4 dagger "Zerot" {freeze, Dex+5}
  4303 | D:4      | Reached XP level 6. HP: 50/50 MP: 6/10
  4338 | D:4      | Learned a level 4 spell: Fulminant Prism
  4343 | D:4      | Learned a level 4 spell: Iskenderun's Mystic Blast
  4358 | D:4      | Found Iczalof's Neck Hole.
  4362 | D:4      | Reached skill level 3 in Fighting
  4492 | D:4      | Found a sacrificial altar of Ru.
  4506 | D:4      | Found a shadowy altar of Dithmenos.
  4771 | D:5      | Entered Level 5 of the Dungeon
  5082 | D:5      | Noticed a two-headed ogre
  5174 | D:5      | Noticed a water moccasin
  5203 | D:5      | Reached skill level 5 in Conjurations
  5787 | D:4      | Your scales start taking on an icy white colour.
  5787 | D:4      | Reached XP level 7. HP: 43/57 MP: 12/12
  5787 | D:4      | Gained mutation: Your flesh is cold resistant. (rC+) [White
                  | Draconian growth]
  6282 | D:4      | Reached skill level 4 in Fighting
  6695 | D:6      | Noticed Sigmund
  6715 | D:6      | Reached XP level 8. HP: 19/66 MP: 10/14
  6942 | D:6      | Learned a level 4 spell: Passage of Golubria
  7043 | D:6      | Found a shimmering altar of Xom.
  8175 | D:7      | Noticed Menkaure
  8189 | D:7      | Killed Menkaure
  8190 | D:7      | Reached skill level 5 in Fighting
  8710 | D:7      | Killed an unseen horror
  8711 | D:7      | Reached XP level 9. HP: 71/74 MP: 3/16
  8812 | D:7      | Noticed a troll
  8842 | D:6      | Reached skill level 5 in Spellcasting
  9560 | D:7      | Reached skill level 6 in Fighting
  9729 | D:7      | Noticed a two-headed ogre
  9733 | D:7      | Noticed a deep elf pyromancer
  9923 | D:7      | Killed a deep elf pyromancer
  9924 | D:7      | Reached skill level 5 in Translocations
  9968 | D:7      | Killed a troll
 10470 | D:7      | Reached XP level 10. HP: 84/84 MP: 11/18
 10516 | D:7      | Learned a level 5 spell: Iskenderun's Battlesphere
 10521 | D:7      | Found a snail-covered altar of Cheibriados.
 10725 | D:7      | Reached skill level 5 in Hexes
 11336 | D:3      | Killed Grinder
 11442 | D:5      | Killed a two-headed ogre
 11727 | D:6      | Killed Sigmund
 11815 | D:6      | Found a staircase to the Ecumenical Temple.
 11903 | D:6      | Reached skill level 5 in Stealth
 12008 | D:6      | Reached skill level 7 in Fighting
 12109 | Temple   | Entered the Ecumenical Temple
 12306 | Temple   | Became a worshipper of Vehumet
 12597 | D:8      | Got the Disquisition on Ashen Hexes
 12811 | D:8      | Found a bloodstained altar of Trog.
 13602 | D:8      | Found a staircase to the Lair.
 13709 | D:9      | Identified the +7 ring mail of Poaste Vuwn {rC+ Stlth+}
 13805 | D:9      | Reached skill level 5 in Dodging
 14281 | D:9      | Reached XP level 11. HP: 94/94 MP: 8/21
 14448 | D:9      | Found a runed translucent gate.
 14450 | D:9      | Noticed a green ugly thing
 14451 | D:9      | Noticed a green ugly thing
 14452 | D:9      | Found a runed translucent gate.
 14452 | D:9      | Found a runed translucent gate.
 14454 | D:9      | Noticed a white very ugly thing
 14460 | D:9      | Noticed a purple ugly thing
 14519 | D:9      | Noticed Ijyb
 14523 | D:9      | Killed Ijyb
 14696 | D:9      | Reached * piety under Vehumet
 14696 | D:9      | Offered knowledge of Foxfire by Vehumet.
 14901 | D:9      | Reached skill level 8 in Fighting
 15386 | D:9      | Learned a level 2 spell: Ensorcelled Hibernation
 15675 | D:9      | Noticed a two-headed ogre
 15684 | D:9      | Killed a two-headed ogre
 16058 | D:9      | Found an iron altar of Okawaru.
 16247 | D:9      | Found a glowing golden altar of the Shining One.
 16682 | D:10     | Entered Level 10 of the Dungeon
 16798 | D:10     | Found Zaxounnu's Demolitions Depot.
 16891 | D:10     | Found a basalt altar of Yredelemnul.
 16928 | D:10     | Noticed a two-headed ogre
 16938 | D:10     | Killed a two-headed ogre
 17135 | D:10     | Reached ** piety under Vehumet
 17135 | D:10     | Offered knowledge of Sandblast by Vehumet.
 17467 | D:10     | Reached skill level 9 in Fighting
 17685 | D:10     | Found a shimmering blue altar of Sif Muna.
 17747 | D:10     | Found an ancient bone altar of Kikubaaqudgha.
 18154 | D:11     | Noticed a two-headed ogre
 18359 | D:11     | Noticed a two-headed ogre
 18367 | D:11     | Killed a two-headed ogre
 19108 | D:11     | Found a staircase to the Orcish Mines.
 19362 | D:11     | Killed a two-headed ogre
 19719 | D:11     | Reached XP level 12. HP: 104/105 MP: 5/24
 20188 | Lair:1   | Entered Level 1 of the Lair of Beasts
 20232 | Lair:1   | Noticed a four-headed hydra
 20238 | Lair:1   | Killed a four-headed hydra
 20574 | Lair:1   | Learned a level 3 spell: Teleport Other
 20643 | Lair:1   | Offered knowledge of Poisonous Vapours by Vehumet.
 20644 | Lair:1   | Reached skill level 1 in Evocations
 21492 | Lair:2   | Noticed Harold
 22311 | Lair:2   | Killed Harold
 22312 | Lair:2   | Reached skill level 10 in Fighting
 23089 | Lair:3   | Noticed a boulder beetle
 23443 | Lair:3   | Found a hole to the Spider Nest.
 24237 | Lair:4   | Noticed an eight-headed hydra
 24346 | Lair:4   | Noticed a six-headed hydra
 25254 | Lair:4   | Killed an eight-headed hydra
 25395 | Lair:4   | Killed a six-headed hydra
 25865 | Lair:4   | Found a staircase to the Shoals.
 26283 | Lair:5   | Found a shimmering altar of Xom.
 26797 | Lair:5   | Reached XP level 13. HP: 106/114 MP: 5/26
 26952 | Lair:5   | HP: 1/114 [something] (20)]
 28072 | Lair:5   | Reached skill level 10 in Conjurations
 28250 | Lair:5   | Identified the +3 robe of Exclusion {rF+++ Will+ Str-2
                  | Slay+4}
 28394 | Lair:5   | Reached *** piety under Vehumet
 28880 | Lair:6   | Entered Level 6 of the Lair of Beasts
 29431 | Lair:6   | Reached skill level 11 in Fighting
 30175 | Lair:6   | Offered knowledge of Conjure Flame by Vehumet.
 31585 | Lair:6   | Reached skill level 10 in Spellcasting
 31796 | Lair:6   | Reached **** piety under Vehumet
 31923 | Lair:6   | Learned a level 7 spell: Orb of Destruction
 32060 | Lair:6   | Offered knowledge of Inner Flame by Vehumet.
 32412 | Lair:6   | Noticed a dire elephant
 32461 | Lair:6   | Killed a dire elephant
 32656 | Lair:6   | Reached XP level 14. HP: 108/125 MP: 3/28
 34699 | D:12     | Reached skill level 12 in Fighting
 36208 | D:12     | Reached skill level 5 in Evocations
 36581 | D:12     | Noticed a reaper
 36581 | D:12     | Noticed a reaper
 36581 | D:12     | Noticed a reaper
 36581 | D:12     | Noticed a reaper
 36582 | D:12     | Noticed a reaper
 37183 | Orc:1    | Entered Level 1 of the Orcish Mines
 37746 | Orc:1    | Noticed an orc warlord
 38151 | Orc:1    | Killed an orc warlord
 38151 | Orc:1    | Reached ***** piety under Vehumet
 38184 | D:11     | Paralysed by an orc sorcerer for 6 turns
 39064 | Orc:1    | Offered knowledge of Lee's Rapid Deconstruction by Vehumet.
 39374 | Orc:1    | Identified the +5 chain mail of the Slug {rPois rF+ Slay+2}
 39376 | Orc:1    | Identified the +2 chain mail of the Tundras {Rampage rF+}
 39880 | Orc:2    | Entered Level 2 of the Orcish Mines
 39880 | Orc:2    | Noticed Erolcha
 39884 | Orc:2    | Killed Erolcha
 40284 | Orc:2    | HP: 2/126 [ettin (23)]
 42544 | Orc:2    | Found Yfea's General Store.
 42546 | Orc:2    | Found Diubog's General Store.
 43050 | Orc:2    | Bought a scroll of identify for 30 gold pieces
 43050 | Orc:2    | Bought a potion of magic for 120 gold pieces
 43070 | Orc:2    | Bought a scroll of teleportation for 42 gold pieces
 43461 | Orc:2    | Paralysed by an orc sorcerer for 4 turns
 44838 | Orc:2    | Gained mutation: You are weak. (Str -2) [a neqoxec]
 44885 | Orc:2    | Gained mutation: Your body sometimes deteriorates upon
                  | taking damage. [a neqoxec]
 44888 | Orc:2    | Gained mutation: You are frail. (-10% HP) [a neqoxec]
 45872 | Orc:2    | Reached XP level 15. HP: 113/120 MP: 8/30
 46391 | Orc:2    | Found Bebyff's Jewellery Shoppe.
 46391 | Orc:2    | Found a one-way gate leading to the halls of Pandemonium.
 46391 | Orc:2    | Found Gonylic's Antique Weapon Emporium.
 46511 | Orc:2    | Bought a ring of willpower for 425 gold pieces
 46511 | Orc:2    | Bought a ring of magical power for 340 gold pieces
 46511 | Orc:2    | Bought a ring of protection from fire for 425 gold pieces
 46682 | Orc:2    | Offered knowledge of Ozocubu's Refrigeration by Vehumet.
 46981 | Orc:2    | Reached skill level 13 in Fighting
 47090 | Orc:2    | Learned a level 3 spell: Gell's Gravitas
 47297 | Orc:2    | Found a staircase to the Elven Halls.
 49131 | D:13     | Found an ornate altar of the Wu Jian Council.
 49283 | D:14     | Identified the +7 trident "Veneludd" {vamp, Drain rElec rF+
                  | rC+ Dex+6}
 49606 | D:14     | Found a gate to the Vaults.
 52415 | D:14     | Offered knowledge of Freezing Cloud by Vehumet.
 52605 | D:14     | Reached skill level 1 in Polearms
 52993 | D:15     | Entered Level 15 of the Dungeon
 53781 | D:15     | Found a staircase to the Depths.
 53890 | D:15     | Reached skill level 10 in Translocations
 55016 | Spider:1 | Entered Level 1 of the Spider Nest
 55021 | Spider:1 | Identified the +0 robe of Hoephad {Fly Regen+ Str-3 Slay+6}
 55475 | Spider:1 | Reached XP level 16. HP: 102/130 MP: 27/32
 56345 | Spider:1 | Reached skill level 14 in Fighting
 57562 | Spider:2 | Offered knowledge of Iron Shot by Vehumet.
 57710 | Spider:1 | HP: 2/131 [poisoned by a ghost moth]
 60482 | Spider:2 | Noticed Azrael
 60587 | Spider:2 | Killed Azrael
 63945 | Spider:3 | Offered knowledge of Lightning Bolt by Vehumet.
 64079 | Spider:3 | Found a frozen archway.
 64485 | IceCv    | Entered an ice cave
 64612 | IceCv    | Reached XP level 17. HP: 108/138 MP: 4/33
 65713 | Spider:3 | Noticed Nikola
 66081 | Spider:4 | Entered Level 4 of the Spider Nest
 66681 | Spider:4 | Reached skill level 10 in Hexes
 67354 | Spider:3 | Found a runed translucent gate.
 67354 | Spider:3 | Found a runed translucent gate.
 67354 | Spider:3 | Found a runed translucent gate.
 67359 | Spider:3 | Noticed Stajl's ghost (adept TrBe)
 68069 | Spider:4 | Reached skill level 15 in Fighting
 68109 | Spider:4 | Offered knowledge of Starburst by Vehumet.
 70480 | Spider:4 | Lost strength.
 70493 | Spider:4 | Slain by a ghost moth

Illustrated notes

Levels and vault maps discovered:
D:1:      evilmike_arrival_home_sweet_home, layout_basic
D:2:      layout_basic
D:3:      layout_basic, minmay_guardbox, uniq_grinder
D:4:      layout_loops_ring, mainiacjoe_overflow_catch_the_wave,
          eat_drink_and_be_merry_uskayaw, nicolae_shop_sticking_my_neck_out
D:5:      layout_rooms
D:6:      layout_loops_cross, mainiacjoe_overflow_small_starburst,
          minmay_temple_entry_butterflies, hangedman_decor_growths,
          kennysheep_another_room, minivault_23, amcnicky_mini_pool_medium,
          uniq_sigmund
D:7:      minmay_blocky_corners, layout_cave_pods, old_standard_altar,
          uniq_menkaure
D:8:      layout_basic, mainiacjoe_overflow_boulevard, lair_entry_dummy
D:9:      erik_cavepeople, layout_long_grid, nicolae_tso_carved_into_rock,
          okawaru_metal_pillars_1_2, ploomutoo_gammafunk_ghost_potion_laboratory
D:10:     layout_roguey, amcnicky_altar_gilded, lemuel_coloured_pillars_altar,
          mainiacjoe_overflow_tiny_flanked, nicolae_blasting_shop
D:11:     layout_loops_corners, erik_orc_1, minivault_23
D:12:     layout_cave_pods, minmay_guarded_unrand_curses
D:13:     layout_gridville, pdpol_wu_jian_five_deadly_venoms
D:14:     layout_long_grid, skrybe_vaults_entry_preservation,
          hangedman_glass_teeth
D:15:     grunt_enter_depths_magical_seal, layout_cross,
          nicolae_twisting_strands
Temple:   minmay_temple_curvy_loop
Lair:1:   layout_cave_pods
Lair:2:   layout_regular_city, serial_bayou_shore_a, grunt_megastairs_3,
          uniq_harold
Lair:3:   layout_chaotic_city, nicolae_spider_entry_orb_guardian,
          gauntlet_entry_generic, infiniplex_staircase_pool_2
Lair:4:   layout_long_grid, elwin_shoals_entry_stream, serial_bayou_shore_b
Lair:5:   nzn_winding_woodlands_stair_trap [nzn_winding_woodlands_5x15_eye,
          nzn_winding_woodlands_5x15_default,
          nzn_winding_woodlands_5x15_concentric,
          nzn_winding_woodlands_15x15_eel_pit,
          nzn_winding_woodlands_5x15_default, nzn_winding_woodlands_5x15_parted,
          nzn_winding_woodlands_5x15_river_crossing], layout_hall_layers,
          minmay_slime_entry_oklob_enclosed, lemuel_oklob_altar
Lair:6:   evil_forest, layout_regular_city, minmay_lair_oklob_bushes
Spider:1: layout_spider_delve, drop_trap
Spider:2: spider_temple_joshua, uniq_azrael
Spider:3: layout_spider_delve, gammafunk_ghost_tricky_traps,
          portal_ice_cave_entry_pillars_1, hangedman_spider_tarantella_strand,
          uniq_nikola
Spider:4: spider_rune_water
Orc:1:    cheibrodos_orc_bank, layout_caves, basic_altar, elf_legates
Orc:2:    pf_orc_diabolical, layout_diamond_mine, uniq_erolcha

Skill      XL: |  1  2  3  4  5  6  7  8  9 10 11 12 13 14 15 16 17 |
---------------+----------------------------------------------------+-----
Fighting       | 1 2 3 4 5 6 7 9 10 11 12 13 14 15 | 15.1
Stealth        | 2 3 4 5 6 |  6.4
Dodging        | 2 3 4 5 6 7 8 9 |  9.8
Hexes          | 1 2 3 4 5 6 7 8 9 10 | 10.1
Translocations | 1 2 4 5 6 7 8 9 10 | 10.9
Spellcasting   | 3 4 5 6 8 9 10 11 12 13 | 13.1
Conjurations   | 5 6 7 8 9 10 11 12 13 14 | 14.0
Evocations     | 3 4 5 6 7 8 |  8.3
Polearms       | 2 4 |  4.8

Action                   |  1- 3 |  4- 6 |  7- 9 | 10-12 | 13-15 | 16-18 || total
-------------------------+-------+-------+-------+-------+-------+-------++-------
Melee: Unarmed           |    24 |     1 |       |       |       |       ||    25
       Tailslap          |     2 |     1 |     9 |     3 |     9 |     7 ||    31
       Dagger            |       |    14 |    41 |    38 |    42 |       ||   135
       Trident           |       |       |       |       |     2 |    58 ||    60
Throw: Throwing net      |       |       |       |     1 |       |       ||     1
 Cast: Magic Dart        |    96 |    49 |    66 |   304 |   393 |   314 ||  1222
       Searing Ray       |     1 |    26 |    46 |    38 |     1 |       ||   112
       Fulminant Prism   |       |       |     9 |    44 |    38 |     8 ||    99
       Iskenderun's Batt |       |       |       |    70 |    29 |    75 ||   174
       Iskenderun's Myst |       |       |       |    99 |   460 |   305 ||   864
       Passage of Golubr |       |       |       |     6 |     1 |     1 ||     8
       Ensorcelled Hiber |       |       |       |     3 |       |       ||     3
       Teleport Other    |       |       |       |     1 |     1 |     7 ||     9
       Orb of Destructio |       |       |       |       |   203 |    63 ||   266
       Gell's Gravitas   |       |       |       |       |     4 |       ||     4
 Abil: Breathe Frost     |       |       |     5 |     1 |       |       ||     6
Evoke: Wand              |       |       |       |       |     6 |     5 ||    11
  Use: Scroll            |     1 |     4 |     1 |     7 |     5 |     7 ||    25
       Potion            |       |       |     2 |     2 |     4 |     5 ||    13
 Stab: Distracted        |       |       |       |       |       |     1 ||     1
Armor: Skin              |    29 |    25 |    50 |    85 |   228 |   233 ||   650
Dodge: Dodged            |    41 |    45 |    96 |   250 |   551 |   555 ||  1538
